 Dungeon Crawl Stone Soup version 0.27-a0-1137-g3ef0f4ec91 (webtiles) character file.

Game seed: 13616375580035844880

318 kae the Ruffian (level 6, -14/47 HPs)
             Began as a Demonspawn Abyssal Knight on May 6, 2021.
             Was a Believer of Lugonu.
             Demolished by an ogre
             ... wielding a +0 giant club
              (27 damage)
             ... on level 4 of the Dungeon.
             The game lasted 00:02:16 (5074 turns).

kae the Ruffian (Demonspawn Abyssal Knight)         Turns: 5074, Time: 00:02:16

Health: -14/47     AC:  4    Str: 14    XL:     6   Next: 21%
Magic:  8/8        EV: 11    Int: 13    God:    Lugonu [**....]
Gold:   161        SH:  0    Dex: 13    Spells: 5/5 levels left

rFire    . . .     SeeInvis .   a - +1 falchion
rCold    . . .     Faith    .   (no shield)
rNeg     + . .     Spirit   .   b - +1 leather armour
rPois    .         Reflect  .   (helmet restricted)
rElec    .         Harm     .   (no cloak)
rCorr    .         Rampage  .   (no gloves)
Will     .....                  (no boots)
Stlth    +.........             (no amulet)
HPRegen  0.15/turn              g - ring of positive energy
MPRegen  0.11/turn              (no ring)

@: no status effects
A: claws 2, horns 1, talons 1, demonic magic 1
a: Renounce Religion, Depart the Abyss, Bend Space


You were on level 4 of the Dungeon.
You worshipped Lugonu.
Lugonu was pleased with you.
You visited 1 branch of the dungeon, and saw 4 of its levels.
You visited the Abyss 1 time.

You collected 161 gold pieces.

Inventory:

Hand Weapons
 a - a +1 falchion (weapon)
Armour
 b - a +1 leather armour (worn)
Jewellery
 g - a ring of positive energy (left claw)
Scrolls
 d - 2 scrolls of silence
 i - a scroll of teleportation
Potions
 c - a potion of heal wounds {unknown}
 e - a potion of brilliance {unknown}
 h - 2 potions of curing {unknown}
 j - a potion of lignification {unknown}
 k - a potion of haste


   Skills:
 - Level 3.1 Fighting
 - Level 2.0 Long Blades
 - Level 2.0 Armour
 - Level 1.1 Dodging
 + Level 5.2 Unarmed Combat
 - Level 2.7 Invocations


You had 5 spell levels left.
You didn't know any spells.
Your spell library contained the following spells:

 Spells                   Type           Power      Damage    Failure   Level
 Freeze                   Ice            0%         1d3       36%         1
 Magic Dart               Conj           0%         1d3       36%         1
 Sandblast                Erth           0%         2d4       36%         1
 Passwall                 Tmut/Erth      0%         N/A       50%         2
 Searing Ray              Conj           0%         3d3       50%         2
 Dazzling Flash           Conj/Hex       0%         N/A       75%         3
 Frozen Ramparts          Ice            0%         1d2       75%         3
 Ozocubu's Armour         Ice            0%         N/A       75%         3
 Stone Arrow              Conj/Erth      0%         3d7       75%         3
 Fulminant Prism          Conj/Hex       0%         3d6       98%         4
 Hailstorm                Conj/Ice       0%         3d3       98%         4
 Iskenderun's Mystic Bla  Conj/Tloc      0%         2d3       98%         4
 Petrify                  Tmut/Erth      0%         N/A       98%         4
 Lee's Rapid Deconstruct  Erth           0%         3d5*      100%        5
 Metabolic Englaciation   Hex/Ice        0%         N/A       100%        5


Dungeon Overview and Level Annotations

Branches:
Dungeon (4/15)
 Temple: D:4-7

Altars:


Innate Abilities, Weirdness & Mutations

You have very sharp fingernails.
You have a pair of small horns on your head.
You have sharp toenails.
Spells you cast may paralyse adjacent enemies.


Message History

No target in view!
A kobold comes into view. It is wielding a +0 club.
The kobold moves out of view.
The kobold throws a stone.
The stone closely misses you.
A kobold is nearby!
A kobold is nearby!
The kobold throws a stone.
The stone closely misses you.
A kobold is nearby!
You miss the kobold. Your kick misses the kobold. The kobold barely misses you.
The kobold closely misses you.
A kobold is nearby!
You hit the kobold but do no damage. The kobold barely misses you.
You riposte.
You hit the kobold.
The kobold is severely wounded.
You hit the kobold.
You kill the kobold!
Lugonu accepts your kill.
Items here: ( ) [ †.
No target in view!
No target in view!
An ogre comes into view. It is wielding a +0 giant club.
The ogre shouts!
An ogre is nearby!
The ogre hits you with a +0 giant club!!
Ouch! That really hurt!
* * * LOW HITPOINT WARNING * * *
You are too injured to fight recklessly!
An ogre is nearby!
You are too injured to fight recklessly!
You are too injured to fight recklessly!
An ogre is nearby!
You are too injured to fight recklessly!
You are too injured to fight recklessly!
You are too injured to fight recklessly!
You are too injured to fight recklessly!
You hit the ogre but do no damage. You claw the ogre.
The ogre is lightly wounded.
The ogre hits you with a +0 giant club!!
Ouch! That really hurt!
You die...

#..#...## ##.##.##
#.#### ### ##.#
###.## #.##
###....## # ##.#
###.......### ###
#.###...........##
####..
#..#.............#
###.....
##.#.......@O...#
#.......
#....).........#
##.......
##.............#
#........
#.............#
##........
#............##
#.........
#............#
##.........
#...........##
#..........
##..........#
#(.........
#..........
##.........#


You could see an ogre.

Vanquished Creatures
  An ice beast (D:4)
  A phantom (D:4)
  5 adders
  An adder skeleton (D:4)
  A worm (D:2)
  3 dart slugs
  5 orcs
  11 ball pythons
  5 endoplasms
  3 giant cockroaches
  11 goblins
  9 hobgoblins
  6 jackals (D:1)
  4 quokkas
  5 bats
  6 frilled lizards
  10 kobolds
  5 rats
92 creatures vanquished.

Notes
Turn   | Place    | Note
-------+----------+-------------------------------------------
     0 | Abyss:1  | kae the Demonspawn Abyssal Knight began the quest for the
                  | Orb.
     0 | Abyss:1  | Reached XP level 1. HP: 18/18 MP: 2/2
     7 | Abyss:1  | Found a corrupted altar of Lugonu.
    49 | Abyss:1  | Noticed a thrashing horror
    50 | D:1      | Escaped the Abyss
   154 | D:1      | Reached skill level 1 in Dodging
   172 | D:1      | Reached * piety under Lugonu
   180 | D:1      | Gained mutation: You have sharp fingernails. [demonic
                  | ancestry]
   180 | D:1      | Reached XP level 2. HP: 17/24 MP: 4/4
   709 | D:1      | Reached skill level 1 in Unarmed Combat
   929 | D:1      | Gained mutation: Spells you cast may paralyse adjacent
                  | enemies. [demonic ancestry]
   929 | D:1      | Reached XP level 3. HP: 29/29 MP: 5/5
  1228 | D:1      | Found a faded altar of an unknown god.
  1651 | D:2      | Reached skill level 2 in Unarmed Combat
  2516 | D:2      | Reached ** piety under Lugonu
  2517 | D:2      | Gained mutation: You have a pair of small horns on your
                  | head. [demonic ancestry]
  2517 | D:2      | Reached XP level 4. HP: 34/35 MP: 6/6
  2862 | D:3      | Reached skill level 3 in Unarmed Combat
  3822 | D:3      | Gained mutation: You have sharp toenails. [demonic
                  | ancestry]
  3822 | D:3      | Reached XP level 5. HP: 9/41 MP: 7/7
  3827 | D:3      | HP: 2/41 [poisoned by an adder]
  4386 | D:4      | Noticed an ice beast
  4463 | D:4      | Noticed a phantom
  4480 | D:4      | Killed a phantom
  4481 | D:4      | Reached skill level 4 in Unarmed Combat
  4728 | D:4      | Killed an ice beast
  4729 | D:4      | Reached skill level 5 in Unarmed Combat
  4729 | D:4      | Gained mutation: You have very sharp fingernails. [demonic
                  | ancestry]
  4729 | D:4      | Reached XP level 6. HP: 47/47 MP: 8/8
  5074 | D:4      | Demolished by an ogre

Illustrated notes

Levels and vault maps discovered:
D:1:      scummos_arrival_star, layout_basic, ebering_ecumenical_altar_box
D:2:      layout_rooms
D:3:      layout_loops_ring, saegor_snake_ambush
D:4:      layout_cave_pods

Skill      XL: |  1  2  3  4  5 |
---------------+----------------+-----
Dodging        | 1 |  1.1
Long Blades    | 2 |  2.0
Armour         | 2 |  2.0
Unarmed Combat | 1 2 3 5 |  5.2
Fighting       | |  3.1
Invocations    | |  2.7

Action                   |  1- 3 |  4- 6 || total
-------------------------+-------+-------++-------
Melee: Falchion          |   148 |   122 ||   270
       Punch             |     1 |     2 ||     3
       Headbutt          |       |    16 ||    16
       Kick              |       |    10 ||    10
Invok: Depart the Abyss  |     1 |       ||     1
  Use: Scroll            |     5 |       ||     5
       Potion            |     1 |     3 ||     4
 Stab: Sleeping          |       |     1 ||     1
Armor: Leather armour    |    49 |    26 ||    75
Dodge: Dodged            |   110 |    83 ||   193
       Rpst.: Falchion   |    30 |    25 ||    55

Table legend: (Time is in decaauts)
 A = Elapsed time spent in this place.
 B = Non-inter-level travel time spent in this place.
 C = Inter-level travel time spent in this place.
 D = Time resting spent in this place.
 E = Time spent auto-exploring this place.
 F = Levels seen in this place.
 G = Mean time per level.
                   A        B        C        D        E       F      G
               +--------+--------+--------+--------+--------+-----+--------+
         Total |   5141 |   5021 |    120 |    627 |   3776 |   5 | 1028.2 |
       Dungeon |   5091 |   4971 |    120 |    627 |   3729 |   4 | 1272.8 |
         Abyss |     50 |     50 |      0 |      0 |     47 |   1 |   50.0 |
               +--------+--------+--------+--------+--------+-----+--------+

Top non-repeatable levels by time:
     D:3: 1865 daAuts
     D:1: 1778 daAuts
     D:2: 757 daAuts
     D:4: 689 daAuts
 Abyss:1: 50 daAuts
